 Dungeon Crawl Stone Soup version 0.30-a0-250-g41c1d76940 (webtiles) character file.

Game seed: 12189430427480205628

410 Hubris850 the Insei (level 6, 0/43 HPs)
             Began as a Merfolk Transmuter on Oct 12, 2022.
             Slain by a water moccasin (2 damage)
             ... on level 4 of the Dungeon.
             The game lasted 00:07:07 (2286 turns).

Hubris850 the Insei (Merfolk Transmuter)            Turns: 2286, Time: 00:07:08

Health: 0/43       AC:  2    Str: 10    XL:     6   Next: 89%
Magic:  29/29      EV: 13    Int: 12    God:
Gold:   77         SH:  0    Dex: 17    Spells: 7/12 levels left

rFire   + . .      SeeInvis .    s - +1 falchion "Corod" {elec, rF+ MP+9}
rCold   . . .      Faith    .    (no shield)
rNeg    . . .      Spirit   .    a - +0 robe
rPois   .          Reflect  .    (no helmet)
rElec   .          Harm     .    (no cloak)
rCorr   .          Rampage  .    (no gloves)
Will    .....                    (no boots)
Stlth   ++........               (no amulet)
HPRegen 0.27/turn                d - ring of magical power
MPRegen 0.21/turn                (no ring)

@: weak-willed, weakened, on berserk cooldown, slowed, very slow
A: (nimble swimmer 2), mertail
a: no special abilities


You were on level 4 of the Dungeon.
You visited 1 branch of the dungeon, and saw 6 of its levels.

You collected 77 gold pieces.

Inventory:

Hand Weapons
 n - a +1 hand axe of flaming
 s - the +1 falchion "Corod" (weapon) {elec, rF+ MP+9}
   (You found it on level 5 of the Dungeon)

   It occasionally discharges a powerful burst of electricity upon striking a
   foe.
   rF:        It protects you from fire.
   MP:        It affects your magic capacity (+9).
Missiles
 h - 2 poisoned darts
 u - 6 javelins
Armour
 a - a +0 robe (worn)
Jewellery
 d - a ring of magical power (left hand)
Scrolls
 b - 2 scrolls of fog
 e - 2 scrolls of amnesia
 f - a scroll of enchant armour
 i - 2 scrolls of teleportation
Potions
 c - a potion of brilliance {unknown}
 j - a potion of might {unknown}
 l - a potion of flight {unknown}
 o - a potion of attraction {unknown}
 p - 2 potions of heal wounds
 q - a potion of ambrosia {unknown}
 r - 2 potions of mutation
 t - a potion of curing {unknown}


   Skills:
 - Level 1.1 Fighting
 - Level 2.6 Dodging
 + Level 5.9 Unarmed Combat
 + Level 3.5 Spellcasting
 + Level 5.0 Transmutations
 + Level 2.2 Ice Magic


You had 7 spell levels left.
You knew the following spells:

 Your Spells              Type           Power      Damage    Failure   Level
a - Beastly Appendage     Tmut           28%        N/A       3%          1
b - Ice Form              Ice/Tmut       10%        N/A       45%         4

Your spell library contained the following spells:

 Spells                   Type           Power      Damage    Failure   Level
 Wereblood                Tmut           14%        N/A       4%          2
 Spider Form              Tmut/Pois      8%         N/A       26%         3
 Sublimation of Blood     Necr           2%         N/A       34%         2
 Petrify                  Tmut/Erth      8%         N/A       63%         4
 Irradiate                Conj/Tmut      4%         3d13      93%         5


Dungeon Overview and Level Annotations

Branches:
Dungeon (6/15)
 Temple: D:4-7

Altars:
Fedhas


Innate Abilities, Weirdness & Mutations

((You are very nimble when in or above water. (Stealth+, EV+, Speed+++)))
Your lower body shifts to a powerful aquatic tail in water.


Message History

You closely miss the gnoll bouda.
The gnoll bouda hits you with a +0 club!
* * * LOW HITPOINT WARNING * * *
You completely miss the gnoll bouda.
The gnoll bouda gazes fiercely through you!
You feel your attacks grow feeble.
The gnoll bouda hits you with a +0 club.
* * * LOW HITPOINT WARNING * * *
You completely miss the gnoll bouda.
The gnoll bouda gazes fiercely through you!
You feel as though you will be weak longer.
The gnoll bouda hits you with a +0 club.
* * * LOW HITPOINT WARNING * * *
You slash the gnoll bouda!
The gnoll bouda is heavily wounded.
The gnoll bouda barks out a call to the hunt!
Unknown command.
You are too berserk!
You slash the gnoll bouda!
You kill the gnoll bouda!
Your Transmutations skill increases to level 5!
You hit the water moccasin.
The water moccasin is lightly wounded.
The water moccasin closely misses you.
You miss the water moccasin.
The water moccasin is lightly wounded.
The gnoll is no longer moving quickly.
The water moccasin barely misses you. x2
You miss the water moccasin.
The water moccasin is lightly wounded.
The water moccasin bites you but does no damage.
You slash the water moccasin!
The water moccasin is moderately wounded.
The water moccasin barely misses you.
You closely miss the water moccasin.
The water moccasin is moderately wounded.
You are no longer berserk.
You are exhausted.
You feel yourself slow down. The water moccasin closely misses you.
The water moccasin bites you.
You die...

############
#.<........##
#...........##
#####............##
#######gS@..............#
#.....l)###.....†.......#
#.........#.............#
#..............>.......##
......................##
#...............#....##
................#.####
...$ .............>..#..
.....
.................#.#


You could see a water moccasin, an iguana and a gnoll.

Vanquished Creatures
  Grinder (D:3)
  A hound (D:4)
  A jelly (D:4)
  A gnoll bouda (D:4)
  Natasha (thrice) (D:2)
  2 adders
  A gnoll (D:4)
  A worm (D:2)
  3 dart slugs
  3 orcs (D:3)
  3 bats
  3 giant cockroaches
  5 goblins
  A hobgoblin (D:3)
  7 kobolds
  A quokka (D:3)
  2 ball pythons
  4 rats (D:2)
43 creatures vanquished.

Vanquished Creatures (others)
  4 toadstools (D:1)
4 creatures vanquished.

Grand Total: 47 creatures vanquished

Notes
Turn   | Place    | Note
-------+----------+-------------------------------------------
     0 | D:1      | Hubris850 the Merfolk Transmuter began the quest for the
                  | Orb.
     0 | D:1      | Reached XP level 1. HP: 15/15 MP: 3/3
   390 | D:2      | Reached XP level 2. HP: 21/21 MP: 5/5
   553 | D:2      | Found a faded altar of an unknown god.
   567 | D:2      | Noticed Natasha
   584 | D:2      | Killed Natasha
   585 | D:2      | Reached XP level 3. HP: 11/26 MP: 6/6
   996 | D:2      | Noticed Natasha
  1005 | D:2      | Killed Natasha
  1006 | D:2      | Reached XP level 4. HP: 11/32 MP: 7/7
  1115 | D:2      | Noticed Natasha
  1136 | D:2      | Killed Natasha
  1437 | D:3      | Learned a level 4 spell: Ice Form
  1534 | D:3      | You fall into a shaft and drop 3 floors!
  1534 | D:6      | Found a blossoming altar of Fedhas.
  1538 | D:5      | Entered Level 5 of the Dungeon
  1548 | D:5      | Identified the +1 falchion "Corod" {elec, rF+ MP+9}
  1564 | D:4      | Reached XP level 5. HP: 37/37 MP: 9/9
  1600 | D:3      | Noticed Grinder
  1614 | D:3      | Paralysed by Grinder for 4 turns
  1620 | D:3      | HP: 1/55 [Grinder (4)]
  1621 | D:3      | Killed Grinder
  1622 | D:3      | Reached skill level 5 in Unarmed Combat
  1622 | D:3      | Reached skill level 1 in Ice Magic
  1622 | D:3      | Reached XP level 6. HP: 1/43 MP: 10/10
  2272 | D:4      | Noticed a water moccasin
  2279 | D:4      | HP: 2/64 [gnoll bouda/+0 club (4)]
  2282 | D:4      | Reached skill level 5 in Transmutations
  2286 | D:4      | Slain by a water moccasin

Illustrated notes

Levels and vault maps discovered:
D:1:      ldierk_water_garden, layout_loops_ring
D:2:      layout_loops_ring, shapermc_ecumenical_altar_mp_highgroup,
          kennysheep_generic_room_14, uniq_natasha
D:3:      layout_rooms, uniq_grinder
D:4:      layout_rooms
D:5:      layout_rooms, nicolae_qazlal_style_of_elements, jmf_multi_god_temple
D:6:      layout_gridville, fedhas_altar_2, mainiacjoe_overflow_six_doors_small

Skill      XL: |  1  2  3  4  5  6 |
---------------+-------------------+-----
Transmutations | 3 4 5 |  5.0
Unarmed Combat | 4 5 |  5.9
Spellcasting   | 3 |  3.5
Ice Magic      | 1 2 |  2.2
Fighting       | |  1.1
Dodging        | |  2.6

Action                   |  1- 3 |  4- 6 || total
-------------------------+-------+-------++-------
Melee: Unarmed           |    48 |    54 ||   102
       Headbutt          |     6 |     6 ||    12
       Falchion          |       |    53 ||    53
Throw: Dart              |     2 |     6 ||     8
       Javelin           |       |     6 ||     6
 Cast: Beastly Appendage |     6 |     6 ||    12
  Use: Potion            |     1 |     2 ||     3
       Scroll            |       |     8 ||     8
 Stab: Sleeping          |       |     1 ||     1
Armor: Robe              |    11 |    16 ||    27
       Skin              |     1 |       ||     1
Dodge: Dodged            |    21 |    75 ||    96

Table legend: (Time is in decaauts)
 A = Elapsed time spent in this place.
 B = Non-inter-level travel time spent in this place.
 C = Inter-level travel time spent in this place.
 D = Time resting spent in this place.
 E = Time spent auto-exploring this place.
 F = Levels seen in this place.
 G = Mean time per level.
                   A        B        C        D        E       F      G
               +--------+--------+--------+--------+--------+-----+--------+
         Total |   2309 |   2209 |    100 |    412 |   1272 |   6 |  384.8 |
       Dungeon |   2309 |   2209 |    100 |    412 |   1272 |   6 |  384.8 |
               +--------+--------+--------+--------+--------+-----+--------+

Top non-repeatable levels by time:
     D:2: 973 daAuts
     D:3: 728 daAuts
     D:1: 343 daAuts
     D:4: 237 daAuts
     D:5: 22 daAuts
     D:6: 3 daAuts
